 Dungeon Crawl Stone Soup version 0.26.1-2-gb8aa6d0cf2 (webtiles) character file.

Game seed: 715878119659911905

30 Marvel the Ruffian (level 3, 0/31 HPs)
             Began as a Ghoul Monk on Feb 13, 2021.
             Slain by a goblin
             ... wielding a +0 dagger of electrocution
              (18 damage)
             ... on level 2 of the Dungeon.
             The game lasted 00:02:38 (1502 turns).

Marvel the Ruffian (Ghoul Monk)                     Turns: 1502, Time: 00:02:38

Health: 0/31       AC:  2    Str: 15    XL:     3   Next: 20%
Magic:  2/2        EV: 13    Int:  5    God:
Gold:   101        SH:  0    Dex: 11    Spells: 2/2 levels left

rFire    . . .     SeeInvis .     - Unarmed
rCold    + . .     Faith    .   (no shield)
rNeg     + + +     Spirit   .   a - +0 robe
rPois    ∞         Reflect  .   (no helmet)
rElec    .         Harm     .   (no cloak)
rCorr    .         Rampage  .   (no gloves)
Will     .....                  (no boots)
Stlth    ++........             (no amulet)
HPRegen  0.00/turn              (no ring)
MPRegen  0.08/turn              (no ring)

@: no status effects
A: claws 1, cold resistance 1, negative energy resistance 3, inhibited
regeneration, torment resistance, unbreathing
a: no special abilities


You were on level 2 of the Dungeon.
You visited 1 branch of the dungeon, and saw 2 of its levels.

You collected 101 gold pieces.

Inventory:

Armour
 a - a +0 robe (worn)
Scrolls
 b - a scroll of amnesia {unknown}
 e - 7 scrolls of identify {unknown}
 f - a scroll of remove curse {unknown}
Potions
 c - a potion of attraction {unknown}
 d - a potion of mutation {unknown}
 g - a potion of cancellation {unknown}
 h - 2 potions of heal wounds {unknown}


   Skills:
 + Level 3.6 Fighting
 + Level 3.0 Dodging
 + Level 2.7 Stealth
 + Level 3.7 Unarmed Combat


You had 2 spell levels left.
You didn't know any spells.
Your spell library was empty.

Dungeon Overview and Level Annotations

Branches:
Dungeon (2/15)

Altars:


Innate Abilities, Weirdness & Mutations

You thrive by killing the living.
You are immune to poison.
You have sharp fingernails.
Your flesh is cold resistant. (rC+)
You are immune to negative energy. (rN+++)
You do not regenerate when monsters are visible.
You are immune to unholy pain and torment.
You can survive without breathing.


Message History

You closely miss the leopard gecko.
The leopard gecko is almost dead.
The leopard gecko bites you.
You claw the leopard gecko!
You kill the leopard gecko!
You feel better.
You see here a leopard gecko corpse.
e - 7 scrolls labelled KICSEA VAECO (gained 3)
You now have 101 gold pieces (gained 12).
A goblin comes into view.
It is wielding a +0 dagger of electrocution.
Found a scroll labelled KICSEA VAECO.
A goblin is nearby!
Found a cloak.
The goblin shouts!
The goblin hits you with a +0 dagger of electrocution.
You are electrocuted!
You scratch the goblin but do no damage.
The goblin hits you but does no damage.
You are electrocuted!!
Ouch! That really hurt!
You die...

..........##.#.##.....##.....##
......###.##.#.##.....#.......##
......# #.##............†......#
......# #.##...##..............#
.####.....##.####..............#
.......#####.##########.......##
.####### #.##......###.....## .#
#.##...[..#.##...## .#
#....@g?...# ##.## ###
####......## #.# ..### #.#.....#
#.# #...#. #.####.#.. ..# ......
#.. # # ### ...... ### .....#
.>.... ######


You could see a goblin.

Vanquished Creatures
  An adder (D:2)
  A leopard gecko (D:2)
  A goblin (D:1)
  3 hobgoblins (D:1)
  2 jackals (D:2)
  3 kobolds
  4 frilled lizards (D:1)
  6 rats (D:1)
21 creatures vanquished.

Notes
Turn   | Place    | Note
-------+----------+-------------------------------------------
     0 | D:1      | Marvel the Ghoul Monk began the quest for the Orb.
     0 | D:1      | Reached XP level 1. HP: 19/19 MP: 0/0
   407 | D:1      | Reached XP level 2. HP: 26/26 MP: 1/1
  1353 | D:2      | Reached XP level 3. HP: 28/31 MP: 2/2
  1502 | D:2      | Slain by a goblin

Illustrated notes

Levels and vault maps discovered:
D:1:      denvon_arrival_waterhouse, layout_loops_ring, serial_forest,
          infiniplex_forest_clump_diagonal, infiniplex_forest_join,
          infiniplex_forest_clump_double, infiniplex_forest_lined_4_way,
          infiniplex_forest_clump_diagonal, infiniplex_forest_zigzag_1,
          serial_park_tiny_1
D:2:      layout_loops_cross, lemuel_altar_in_water2, uniq_jessica

Skill      XL: |  1  2 |
---------------+-------+-----
Dodging        | 3 |  3.0
Fighting       | |  3.6
Stealth        | |  2.7
Unarmed Combat | |  3.7

Action                   || total
-------------------------++-------
Melee: Unarmed           ||    91
 Stab: Sleeping          ||     9
Armor: Robe              ||     5
Dodge: Dodged            ||    48
